 Dungeon Crawl Stone Soup version 0.26-a0-812-g31a745ddcd (webtiles) character file.

Game seed: 2404452932957865369

28 Dracia the Conjurer (level 3, -1/26 HPs)
             Began as a Draconian Conjurer on Dec 7, 2020.
             Slain by a gnoll
             ... wielding a +0 flail
              (10 damage)
             ... on level 1 of the Dungeon.
             The game lasted 00:01:27 (781 turns).

Dracia the Conjurer (Draconian Conjurer)             Turns: 781, Time: 00:01:28

Health: -1/26      AC:  5    Str:  9    XL:     3   Next: 0%
Magic:  7/7        EV: 12    Int: 19    God:
Gold:   5          SH:  0    Dex:  9    Spells: 6/7 levels left

rFire    . . .     SeeInvis .   b - +0 trident
rCold    . . .     Faith    .   (no shield)
rNeg     . . .     Spirit   .   (armour unavailable)
rPois    .         Reflect  .   (helmet restricted)
rElec    .         Harm     .   (no cloak)
rCorr    .         Rampage  .   (no gloves)
MR       .....                  (no boots)
Stlth    ++........             (no amulet)
HPRegen  0.08/turn              (no ring)
MPRegen  0.10/turn              (no ring)

@: no status effects
A: unfitting armour, cold-blooded, AC +5
a: no special abilities


You were on level 1 of the Dungeon.
You visited 1 branch of the dungeon, and saw 2 of its levels.

You collected 5 gold pieces.


Innate Abilities, Weirdness & Mutations

Your plain brown scales are hard. (AC +5)
You cannot fit into any form of body armour.
You are cold-blooded and may be slowed by cold attacks.


   Skills:
 - Level 1.7 Dodging
 - Level 1.7 Stealth
 + Level 2.7 Spellcasting
 + Level 4.5 Conjurations


You had 6 spell levels left.
You knew the following spells:

 Your Spells              Type           Power        Failure   Level
z - Magic Dart            Conj           ###.         2%          1

Your spell library contained the following spells:

 Spells                   Type           Power        Failure   Level
 Searing Ray              Conj           ###...       3%          2
 Dazzling Flash           Conj/Hex       ##....       19%         3
 Fulminant Prism          Conj/Hex       ##........   52%         4
 Iskenderun's Mystic Bla  Conj/Tloc      ##......     52%         4

Inventory:

Hand Weapons
 b - a +0 trident (weapon)
Potions
 a - a potion of degeneration {unknown}

Dungeon Overview and Level Annotations

Branches:
Dungeon (2/15)

Altars:

#+.......'# #.##......
##.........## #.##..####
##...........## # #.##..#
#.............#
#.##.##..##
#.............#
#.........#
#......<......#
####.##♣♣.♣
#.............# #.# ♣≈♣♣
#.............#########.#
♣≈P
##...........##@g......♣♣
♣♣.♣♣
##.........+########.♣♣♣
♣P≈♣♣♣ ##.....(.##
#.≈≈♣♣♣.≈≈≈♣ ##.....##
#..≈≈≈≈≈≈)≈≈ ##...##
##≈≈≈♣≈.≈≈≈≈ #♣♣♣♣♣♣.♣♣♣
♣P≈♣ #♣♣♣≈♣ #.♣≈≈♣


You could see a gnoll.


Message History

The dart slug is almost dead.
The dart slug launches a dart at you. The slug dart hits you.
* * * LOW HITPOINT WARNING * * *
Attack whom?
Press: ? - help, Dir - move target cursor, f/p - dart slug
Aim: a dart slug (almost dead)
You hit the dart slug.
You kill the dart slug!
You have reached level 3!
Your experience leads to an increase in your attributes!
Increase (S)trength, (I)ntelligence, or (D)exterity?
You feel clever.
Your scales feel tougher.
You see here a dart slug corpse.
You start resting.
A hobgoblin comes into view. It is wielding a +0 club.
There is a stone staircase leading up here.
You climb upwards.
There is a stone staircase leading down here.
A gnoll is nearby!
You closely miss the gnoll. The gnoll closely misses you.
You hit the gnoll.
The gnoll is moderately wounded.
The gnoll hits you with a +0 flail!
* * * LOW HITPOINT WARNING * * *
The gnoll barely misses you.
You closely miss the gnoll.
The gnoll is moderately wounded.
The gnoll hits you with a +0 flail!
You die...

Action                   || total
-------------------------++-------
Melee: Trident           ||    41
       Tailslap          ||     3
 Cast: Magic Dart        ||    19
Armor: Skin              ||    29
Dodge: Dodged            ||    46

Levels and vault maps discovered:
D:1:      lemuel_arrival_rhombus, layout_loops_ring, serial_bayou,
          serial_bayou_shore_b, serial_bayou_shore_b, serial_bayou_crossing,
          serial_bayou_pond_e, grunt_decor_junction
D:2:      layout_rooms, grunt_qazlal_sundering, grunt_gozag_statues,
          minmay_rat_gold_closets

Notes
Turn   | Place    | Note
-------+----------+-------------------------------------------
     0 | D:1      | Dracia the Draconian Conjurer began the quest for the Orb.
     0 | D:1      | Reached XP level 1. HP: 14/14 MP: 3/3
   368 | D:2      | Reached XP level 2. HP: 20/20 MP: 5/5
   603 | D:2      | HP: 2/20 [dart slug/slug dart (2)]
   604 | D:2      | Reached XP level 3. HP: 2/26 MP: 7/7
   781 | D:1      | Slain by a gnoll

Vanquished Creatures
  An adder (D:2)
  A dart slug (D:2)
  2 giant cockroaches
  2 goblins
  2 jackals (D:2)
  2 bats
  A frilled lizard (D:1)
  3 kobolds
  3 rats
17 creatures vanquished.

Table legend: (Time is in decaauts)
 A = Elapsed time spent in this place.
 B = Non-inter-level travel time spent in this place.
 C = Inter-level travel time spent in this place.
 D = Time resting spent in this place.
 E = Time spent auto-exploring this place.
 F = Levels seen in this place.
 G = Mean time per level.
                   A        B        C        D        E       F      G
               +--------+--------+--------+--------+--------+-----+--------+
         Total |    805 |    805 |      0 |    276 |    339 |   2 |  402.5 |
       Dungeon |    805 |    805 |      0 |    276 |    339 |   2 |  402.5 |
               +--------+--------+--------+--------+--------+-----+--------+

Top non-repeatable levels by time:
     D:2: 518 daAuts
     D:1: 286 daAuts

Table legend:
 A = Non-vault XP
 B = Vault XP
 C = Vault XP percentage of total XP
 D = Non-vault monster count
 E = Vault monster count
 F = Vault count percentage of total count
                 A         B        C        D         E       F
            +---------+---------+-------+---------+---------+-------
      Total |      41 |       0 |   0.0 |      17 |       0 |   0.0
            +---------+---------+-------+---------+---------+-------
        D:1 |       8 |       0 |   0.0 |       6 |       0 |   0.0
        D:2 |      33 |       0 |   0.0 |      11 |       0 |   0.0
            +---------+---------+-------+---------+---------+-------
